 Dungeon Crawl Stone Soup version 0.24.0-13-gcf9b319 (webtiles) character file.

Game seed: 6197808123959314922, levelgen mode: deterministic

1693 Fang the Skirmisher (level 9, -1/56 HPs)
             Began as a Gargoyle Berserker on Nov 21, 2019.
             Was an Elder of Trog.
             Killed by divine providence
             ... invoked by an orc priest
              (9 damage)
             ... on level 7 of the Dungeon.
             The game lasted 00:06:20 (7588 turns).

Fang the Skirmisher (Gargoyle Berserker)            Turns: 7588, Time: 00:06:20

Health: -1/56      AC: 16    Str: 25    XL:     9   Next: 2%
Magic:  0/9        EV: 10    Int:  7    God:    Trog [****..]
Gold:   384        SH:  0    Dex:  9    Spells: 8/8 levels left

rFire    + . .     SeeInvis .   a - +0 war axe
rCold    + . .     Gourm    .   (no shield)
rNeg     + . .     Faith    .   b - +0 chain mail
rPois    ∞         Spirit   +   (no helmet)
rElec    +         Reflect  .   f - scarf {rC+ rF+}
rCorr    .         Harm     .   (no gloves)
MR       +....                  (no boots)
Stlth    ..........             s - amulet of guardian spirit
HPRegen  0.18/turn              v - ring of protection from magic
MPRegen  0.11/turn              (no ring)

@: berserk cooldown, starving, slowed, very slow
A: negative energy resistance 1, electricity resistance, unbreathing,
petrification resistance, rot immunity, AC +6
a: Berserk, Trog's Hand, Brothers in Arms, Renounce Religion


You were on level 7 of the Dungeon.
You worshipped Trog.
Trog was greatly pleased with you.
You were starving.

You visited 2 branches of the dungeon, and saw 8 of its levels.

You collected 384 gold pieces.

Inventory:

Hand Weapons
 a - a +0 war axe (weapon)
Armour
 b - a +0 chain mail (worn)
 f - a scarf of resistance (worn)
Jewellery
 s - an amulet of guardian spirit (around neck)
 v - a ring of protection from magic (left hand)
Wands
 p - a wand of paralysis (5)
 u - a wand of flame (16)
Scrolls
 d - 2 scrolls of teleportation {unknown}
 e - 9 scrolls of remove curse {unknown}
 k - 4 scrolls of identify {unknown}
 n - 2 scrolls of enchant armour {unknown}
 o - a scroll of enchant weapon {unknown}
 r - a scroll of noise {unknown}
 x - 2 scrolls of magic mapping {unknown}
 y - a scroll of fear {unknown}
 A - a scroll of summoning {unknown}
 B - a scroll of blinking {unknown}
Potions
 g - 2 potions of haste {unknown}
 h - 2 potions of degeneration {unknown}
 i - 4 potions of might {unknown}
 j - a potion of invisibility {unknown}
 l - 5 potions of curing
 m - a potion of flight {unknown}
 q - a potion of heal wounds
 t - 2 potions of cancellation {unknown}
 w - a potion of mutation {unknown}
 z - a potion of ambrosia {unknown}
Comestibles
 c - 15 rations


   Skills:
 + Level 6.9 Fighting
 + Level 5.7 Axes
 + Level 6.4 Armour
 + Level 4.9 Dodging


You had 8 spell levels left.
You didn't know any spells.
Your spell library was empty.

Dungeon Overview and Level Annotations

Branches:
Dungeon (7/15)             Temple (1/1) D:5

Altars:
Ashenzari
Dithmenos
Elyvilon
Fedhas
Hepliaklqana
Kikubaaqudgha
Ru
Trog
Uskayaw
Xom

Shops:
D:6 ?%


Innate Abilities, Weirdness & Mutations

You are resistant to torment.
Your stone body is resilient. (AC +6)
You are immune to poison.
You resist negative energy. (rN+)
You are resistant to electric shocks. (rElec)
You can survive without breathing.
You are immune to petrification.
You are immune to rotting.


Message History

You closely miss the orc priest.
The orc priest is moderately wounded.
An orc wizard comes into view. It is wielding a +0 dagger.
The orc priest hits you but does no damage.
You closely miss the orc priest.
The orc priest is moderately wounded.
The orc wizard shouts!
The orc priest looks satisfied for a moment.
The orc priest barely misses you.
You barely miss the orc priest.
The orc priest is moderately wounded.
The orc priest hits you but does no damage.
You closely miss the orc priest.
The orc priest is moderately wounded.
The orc priest barely misses you.
The orc wizard mumbles some strange words.
The orc wizard seems to speed up.
The orc priest calls down the wrath of Beogh upon you.
Beogh smites you!
You die...

#.##.## .........#
#.##.## .........#
#####.##...
.........#
#.....#####
.........# #.#####
.........# #.#
.........# #.#####
......)..# #.....#
.....oo@)# #####.#
......(.(#########.#
#.#+#####(.........#
#.########## #.# #..
####


You could see an orc priest and an orc wizard.

Vanquished Creatures
  Prince Ribbit (D:5)
  A black bear (D:7)
  4 ogres
  A big kobold (D:7)
  A gnoll sergeant (D:7)
  A bullfrog (D:7)
  A quasit (D:7)
  2 hounds
  6 centaur skeletons
  An orc priest (D:3)
  Crazy Yiuf (D:2)
  Terence (D:2)
  An orc wizard (D:7)
  Ijyb (D:3)
  An iguana (D:4)
  5 worker ants
  A hound skeleton (D:6)
  Robin (D:2)
  4 gnolls (D:3)
  11 adders
  An adder skeleton (D:6)
  4 worms
  2 dart slugs
  5 leopard geckos
  17 orcs
  2 ball pythons
  4 giant cockroaches
  6 hobgoblins
  10 jackals
  2 quokkas
  9 bats
  9 frilled lizards
  A giant cockroach zombie (D:6)
  22 goblins
  A jackal skeleton (D:7)
  12 kobolds
  6 rats
  3 rat zombies (D:4)
162 creatures vanquished.

Notes
Turn   | Place    | Note
-------+----------+-------------------------------------------
     0 | D:1      | Fang the Gargoyle Berserker began the quest for the Orb.
     0 | D:1      | Reached XP level 1. HP: 14/14 MP: 1/1
   319 | D:1      | Reached XP level 2. HP: 17/19 MP: 2/2
   743 | D:1      | Reached XP level 3. HP: 21/23 MP: 3/3
   745 | D:1      | Reached ** piety under Trog
  1073 | D:2      | Reached XP level 4. HP: 19/29 MP: 4/4
  1277 | D:2      | Noticed Robin
  1294 | D:2      | Killed Robin
  1580 | D:2      | Noticed Terence
  1601 | D:2      | Killed Terence
  1601 | D:2      | Reached XP level 5. HP: 13/33 MP: 5/5
  2052 | D:2      | Found a runed translucent door.
  2053 | D:2      | Noticed Crazy Yiuf
  2155 | D:2      | You fall into a shaft and drop 2 floors!
  2224 | D:4      | Reached *** piety under Trog
  2229 | D:4      | Found a blossoming altar of Fedhas.
  2372 | D:4      | Reached XP level 6. HP: 38/39 MP: 6/6
  3328 | D:4      | Found an ancient bone altar of Kikubaaqudgha.
  3809 | D:3      | Reached skill level 5 in Fighting
  3811 | D:3      | Reached XP level 7. HP: 38/44 MP: 7/7
  4188 | D:3      | Noticed Ijyb
  4243 | D:3      | Killed Ijyb
  4334 | D:3      | Reached **** piety under Trog
  4549 | D:2      | Found a shimmering altar of Xom.
  4710 | D:2      | Killed Crazy Yiuf
  4957 | D:5      | Entered Level 5 of the Dungeon
  5145 | D:5      | Reached skill level 5 in Armour
  5215 | D:5      | Found a staircase to the Ecumenical Temple.
  5406 | D:5      | Reached XP level 8. HP: 50/51 MP: 6/8
  5500 | Temple   | Entered the Ecumenical Temple
  5587 | D:5      | Found a shadowy altar of Dithmenos.
  5688 | D:5      | Noticed Prince Ribbit
  6232 | D:5      | Killed Prince Ribbit
  6232 | D:5      | Reached skill level 5 in Axes
  6375 | D:6      | Found a white marble altar of Elyvilon.
  6437 | D:6      | Found Qeply's Food Shoppe.
  6488 | D:6      | Found a hide-covered altar of Uskayaw.
  6490 | D:6      | Noticed a +0 dagger
  6491 | D:6      | Noticed a +0 dagger
  6648 | D:6      | Found a sacrificial altar of Ru.
  6764 | D:6      | Found Tarhishrua's Magic Scroll Boutique.
  6995 | D:6      | Found a shattered altar of Ashenzari.
  7564 | D:7      | Reached XP level 9. HP: 25/56 MP: 4/9
  7588 | D:7      | Killed from afar by an orc priest

Levels and vault maps discovered:
D:1:      dpeg_arrival_fog, layout_loops_cross, kennysheep_crisscross
D:2:      layout_loops_ring, lemuel_round_altar, first_ration,
          kennysheep_generic_room_6, uniq_robin, uniq_terence,
          uniq_crazy_yiuf_cottage
D:3:      kennysheep_big_flooded_room, layout_rooms, uniq_ijyb
D:4:      layout_layer_cave, lemuel_zombie_altar_kikubaaqudgha, fedhas_altar_1
D:5:      layout_loops_corners, grunt_dithmenos_smoke, lemuel_temple_firewalk_b,
          uniq_prince_ribbit1
D:6:      layout_basic, kennysheep_mini_moat, dancing_weapons_uskayaw,
          elyvilon_altar_1, nicolae_ru_sacrificial_ziggurat, serial_shops,
          kennysheep_little_box, shop
D:7:      layout_basic, minmay_hedge_maze, grunt_ogre_cave, minmay_between
Temple:   dpeg_three_leaves_temple

Skill      XL: |  1  2  3  4  5  6  7  8 |
---------------+-------------------------+-----
Axes           | 3 4 5 |  5.7
Dodging        | 2 3 4 |  4.9
Armour         | 3 4 5 6 |  6.4
Fighting       | 4 5 6 |  6.9

Action                   |  1- 3 |  4- 6 |  7- 9 || total
-------------------------+-------+-------+-------++-------
Melee: Hand axe          |   109 |   247 |   264 ||   620
       War axe           |       |       |   106 ||   106
Invok: Berserk           |     1 |     4 |     7 ||    12
       Trog's Hand       |       |     1 |     2 ||     3
  Use: Potion            |       |       |     1 ||     1
  Eat: Chunk             |     1 |    12 |     9 ||    22
       Ration            |       |       |     3 ||     3
Armor: Animal skin       |    39 |    20 |       ||    59
       Chain mail        |       |   122 |   267 ||   389
Dodge: Dodged            |   100 |   135 |   213 ||   448
